Map: Simulacrum LE

Players

LiquidMaNa (MaNa)

  • Race: Protoss Protoss
  • League: Grandmaster
  • Spawn Location: 5:00

ShoWTimE - Winner!

  • Race: Protoss Protoss
  • League: Grandmaster
  • Spawn Location: 11:00

Event: Shopify TSL 5

VOD

Have the link to the VOD?

Description

Time

  • Played on: May 17, 2020, 1:16 p.m.
  • Length: 8:16

All games in this series

Show
View Real Time Build Order
Export as new Build Order

LiquidMaNa Protoss 

Build Orders: Phoenix Opening 

Get SALT Encoding   

  12  0:00  Probe  
  13  0:12  Probe  
  14  0:18  Pylon  
  14  0:25  Probe (Chrono Boost)  
  15  0:37  Probe (Chrono Boost)  
  15  0:38  Gateway  
  16  0:45  Probe (Chrono Boost)  
  16  0:47  Assimilator  
  17  0:51  Probe  
  17  0:55  Assimilator  
  18  1:03  Probe (Chrono Boost)  
  19  1:08  Gateway  
  19  1:12  Probe (Chrono Boost)  
  19  1:17  Probe (Chrono Boost)  
  21  1:26  Cybernetics Core  
  21  1:29  Probe  
  22  1:35  Pylon  
  22  1:41  Probe  
  23  1:53  Probe  
  24  2:01  Warp Gate (Chrono Boost)  
  24  2:02  Stalker x2  
  24  2:06  Probe  
  29  2:13  Pylon  
  29  2:34  Sentry x2  
  33  2:38  Probe  
  33  2:51  Nexus  
  33  2:54  Shield Battery  
  33  3:02  Stalker  
  35  3:09  Stalker  
  37  3:17  Pylon  
  37  3:19  Phoenix  
  37  3:38  Probe  
  37  3:40  Stalker  
  40  3:41  Twilight Council  
  40  3:48  Stalker  
  42  3:50  Probe  
  43  3:56  Forge  
  44  4:03  Probe (Chrono Boost)  
  44  4:07  Probe (Chrono Boost)  
  45  4:13  Probe (Chrono Boost)  
  45  4:16  Probe (Chrono Boost), Blink (Chrono Boost)  
  47  4:18  Probe (Chrono Boost)  
  48  4:28  Protoss Ground Weapons Level 1  
  48  4:30  Probe (Chrono Boost)  
  50  4:31  Probe (Chrono Boost)  
  50  4:38  Probe (Chrono Boost)  
  52  4:39  Pylon  
  52  4:40  Probe (Chrono Boost)  
  51  4:45  Probe  
  51  4:50  Probe  
  52  4:57  Probe, Pylon  
  53  5:02  Probe  
  54  5:07  Stalker  
  54  5:08  Stalker  
  54  5:10  Probe  
  54  5:13  Assimilator  
  59  5:14  Probe  
  59  5:18  Robotics Facility  
  59  5:19  Gateway  
  60  5:25  Gateway  
  60  5:27  Probe  
  61  5:36  Probe  
  62  5:45  Phoenix  
  62  5:46  Nexus  
  62  5:51  Gateway, Pylon  
  62  5:58  Gateway  
  62  6:02  Probe  
  62  6:03  Probe  
  64  6:08  Observer (Chrono Boost)  
  64  6:09  Charge (Chrono Boost)  
  65  6:14  Stalker x2  
  69  6:22  Warp Prism (Chrono Boost), Pylon  
  71  6:28  Stalker  
  71  6:32  Stalker  
  75  6:50  Zealot x3  
  81  6:54  Zealot x2  
  81  6:57  Stalker  
  81  6:58  Observer  
  81  7:01  Pylon  
  88  7:03  Gateway  
  88  7:13  Zealot x3  
  88  7:15  Zealot  
  96  7:18  Zealot  
  98  7:36  Zealot x5  
  108  7:39  Zealot  
  90  7:58  Stalker x4  
Show
View Real Time Build Order
Export as new Build Order

ShoWTimE Protoss - Winner!

Build Orders: Phoenix Opening, Zealot Archon 

Get SALT Encoding   

  12  0:00  Probe  
  13  0:12  Probe  
  14  0:18  Pylon  
  14  0:24  Probe (Chrono Boost)  
  15  0:36  Probe (Chrono Boost)  
  15  0:38  Gateway  
  16  0:45  Probe (Chrono Boost)  
  16  0:49  Assimilator  
  17  0:51  Probe  
  17  0:55  Assimilator  
  18  1:03  Probe (Chrono Boost)  
  19  1:10  Gateway  
  19  1:13  Probe (Chrono Boost)  
  20  1:18  Probe (Chrono Boost)  
  21  1:26  Cybernetics Core  
  21  1:29  Probe  
  22  1:36  Pylon  
  22  1:41  Probe  
  23  1:54  Probe  
  24  2:01  Warp Gate (Chrono Boost)  
  24  2:02  Stalker x2  
  24  2:07  Probe  
  29  2:14  Pylon  
  29  2:26  Pylon  
  29  2:32  Sentry x2  
  33  2:48  Nexus  
  33  2:51  Probe  
  34  2:57  Shield Battery  
  34  3:03  Probe  
  34  3:04  Sentry  
  37  3:06  Phoenix  
  37  3:10  Pylon  
  37  3:15  Probe  
  38  3:23  Robotics Facility  
  38  3:27  Probe  
  39  3:39  Probe (Chrono Boost)  
  40  3:42  Phoenix  
  41  3:48  Probe (Chrono Boost)  
  41  3:53  Probe (Chrono Boost)  
  42  3:56  Forge  
  42  3:58  Adept x2  
  42  4:00  Probe (Chrono Boost)  
  48  4:11  Observer, Probe (Chrono Boost)  
  48  4:13  Probe (Chrono Boost)  
  50  4:18  Probe (Chrono Boost)  
  50  4:19  Probe (Chrono Boost)  
  52  4:24  Pylon  
  52  4:25  Protoss Ground Weapons Level 1 (Chrono Boost)  
  52  4:27  Probe  
  52  4:28  Phoenix  
  52  4:30  Probe  
  54  4:38  Immortal  
  58  4:39  Probe  
  58  4:42  Probe  
  60  4:50  Phoenix  
  60  4:51  Probe  
  57  4:52  Assimilator  
  57  4:54  Probe  
  57  4:55  Assimilator  
  58  5:01  Twilight Council  
  58  5:03  Probe  
  58  5:06  Probe  
  60  5:10  Gateway  
  60  5:12  Phoenix  
  60  5:13  Gateway  
  60  5:17  Immortal  
  64  5:28  Pylon  
  64  5:29  Observer  
  64  5:41  Charge  
  64  5:45  Nexus, Templar Archives  
  64  5:50  Phoenix  
  64  5:55  Gateway  
  64  5:56  Gateway  
  64  5:59  Warp Prism  
  66  6:08  Gateway  
  66  6:11  Gateway  
  66  6:13  Probe  
  66  6:14  Probe  
  68  6:24  Pylon  
  68  6:26  High Templar x2  
  68  6:31  Phoenix  
  68  6:32  Archon  
  72  6:33  Zealot x2  
  72  6:35  Probe  
  72  6:36  Probe  
  78  6:44  Pylon  
  78  6:48  Probe  
  78  6:49  Pylon  
  79  6:55  Probe  
  79  7:00  Probe  
  81  7:02  High Templar x2  
  81  7:03  Probe  
  81  7:05  Pylon  
  81  7:06  Archon  
  87  7:11  Pylon  
  87  7:13  Zealot x3  
  94  7:20  Shield Battery  
  94  7:22  High Templar x2  
  96  7:23  Shield Battery  
  96  7:26  Archon  
  96  7:27  Shield Battery  
  96  7:30  Pylon  
  96  7:35  High Templar  
  96  7:36  High Templar  
  96  7:37  Zealot x3  
  105  7:48  Archon  
  105  7:51  Zealot  
  91  7:59  Zealot x3  
  91  8:00  Zealot x2  
  93  8:08  Zealot  
Tags
 
Add a new tag
Caveats
  • Supply blocks, unpowered buildings, or Contaminate may cause inaccurate times.
  • Supply counts are checked every 10 seconds.